AoeStats
← audi

Arabia

508059236Analyzed
3v3 RM · 11d ago on Sep 20, 2026· 39m 0s· 6 players
Game mode
Random Map
Map size
Normal (6 player)
Population
200
Speed
Normal
Resources
Standard
Victory
Conquest
Starting age
Dark Age
Ending age
Imperial Age
RankedLock teamsTeams togetherTeam positionsShared explorationLock speedFull tech treeHidden civsTurbo modeCheats
Victory
Defeat
🇹🇷 Franks · Türkiye
1183
+13
🇹🇷 Britons · Türkiye
1166
+13
🇹🇷 Teutons · Türkiye
1143
+14
🇩🇪 Ethiopians · Germany
1118
-14
🇩🇪 Magyars · Germany
1105
-13
🇨🇭 Hindustanis · Switzerland
1096
-13
Bommel
8:52 Loom
11:11 Feudal Age
15:37 Castle Age
13:42 Horse Collar
14:01 Double-Bit Axe
17:37 Husbandry
20:38 Heavy Plow
21:35 Scale Barding Armor
21:41 Forging
24:02 Wheelbarrow
23:48 Bloodlines
27:44 Iron Casting
29:37 Hand Cart
30:20 Bow Saw
32:50 Chain Barding Armor
Kenny_S04
8:27 Loom
11:33 Feudal Age
12:06 Double-Bit Axe
13:46 Fletching
16:37 Padded Archer Armor
20:34 Wheelbarrow
28:03 Castle Age
28:08 Crossbowman
29:29 Bodkin Arrow
31:25 Ballistics
31:17 Masonry
31:20 Fortified Wall
32:26 Hand Cart
34:06 Bow Saw
35:02 Thumb Ring
35:19 Leather Archer Armor
steffen
7:40 Loom
10:10 Feudal Age
10:51 Double-Bit Axe
10:52 Horse Collar
19:33 Padded Archer Armor
20:20 Fletching
23:59 Castle Age
25:23 Leather Archer Armor
25:04 Bodkin Arrow
26:01 Bow Saw
26:52 Scale Barding Armor
26:47 Elite Skirmisher
30:36 Chain Barding Armor
30:28 Bloodlines
37:12 Ballistics
38:58 Murder Holes
Janissaryyy
1:07 Loom
11:16 Feudal Age
15:54 Scale Barding Armor
18:30 Forging
19:25 Double-Bit Axe
19:27 Town Watch
23:28 Castle Age
22:37 Wheelbarrow
22:15 Gold Mining
24:29 Husbandry
32:04 Stone Mining
33:40 Chain Barding Armor
34:30 Iron Casting
37:18 Bow Saw
38:27 Gold Shaft Mining
39:07 Hand Cart
38:53 Town Patrol
audi
3:08 Loom
11:20 Feudal Age
12:42 Double-Bit Axe
13:27 Horse Collar
15:33 Scale Barding Armor
16:34 Forging
17:11 Wheelbarrow
17:42 Bloodlines
23:36 Castle Age
22:17 Fletching
24:50 Bow Saw
24:46 Heavy Plow
24:40 Gold Mining
26:57 Squires
27:58 Bodkin Arrow
28:27 Pikeman
30:01 Chain Barding Armor
30:35 Iron Casting
30:52 Town Watch
31:46 Scale Mail Armor
31:47 Padded Archer Armor
32:05 Hand Cart
35:14 Leather Archer Armor
36:45 Town Patrol
37:02 Chain Mail Armor
38:31 Ballistics
Timber
7:09 Loom
9:36 Feudal Age
10:12 Double-Bit Axe
16:56 Horse Collar
18:01 Fletching
18:33 Gold Mining
19:11 Padded Archer Armor
25:23 Castle Age
25:27 Crossbowman
26:03 Bodkin Arrow
26:55 Gold Shaft Mining
27:39 Leather Archer Armor
27:55 Town Watch
28:55 Ballistics
34:35 Wheelbarrow
35:15 Treadmill Crane
Connection lost

Rejoining the realm…

Still unreachable

The connection could not be restored.

Session expired

The server has moved on; the page needs a fresh start.